 Dungeon Crawl Stone Soup version 0.30.0-13-g156ef70053 (webtiles) character file.

Game seed: 7930957364691904250

824 jasper the Covert (level 7, -10/37 HPs)
             Began as a Spriggan Brigand on May 17, 2023.
             Mangled by Blork the orc
             ... wielding a +0 trident
              (12 damage)
             ... on level 5 of the Dungeon.
             The game lasted 00:05:58 (3382 turns).

jasper the Covert (Spriggan Brigand)                Turns: 3382, Time: 00:05:59

Health: -10/37     AC:  7    Str:  7    XL:     7   Next: 64%
Magic:  8/8        EV: 19    Int: 15    God:
Gold:   87         SH:  0    Dex: 16    Spells: 6/6 levels left

rFire   + . .        r - +1 rapier (drain)
rCold   . . .        (no shield)
rNeg    . . .        b - +0 robe
rPois   .            (helmet restricted)
rElec   .            c - +0 cloak
rCorr   .            (gloves unavailable)
SInv    +            (boots unavailable)
Will    +....        (no amulet)
Stlth   ++++         g - +4 ring of protection
HPRegen 0.26/turn    t - ring of protection from fire
MPRegen 0.11/turn

%: no passive effects
@: very quick
A: very small, no large weapons, unfitting armour, see invisible, speed 3
a: no special abilities


You were on level 5 of the Dungeon.
You visited 1 branch of the dungeon, and saw 5 of its levels.

You collected 283 gold pieces.
You spent 196 gold pieces at shops.

Inventory:

Hand Weapons
 a - a +2 dagger
 i - the +0 whip "Paaquf" {freeze, Int+3}
   (You found it on level 2 of the Dungeon)

   Int:       It affects your intelligence (+3).
 r - a +1 rapier of draining (weapon)
Missiles
 d - 12 poisoned darts (quivered)
 e - 3 curare-tipped darts
 h - 2 atropa-tipped darts
 n - 3 boomerangs
Armour
 b - a +0 robe (worn)
 c - a +0 cloak (worn)
Jewellery
 g - a +4 ring of protection (left hand)
 t - a ring of protection from fire (right hand)
Wands
 s - a wand of flame (5)
Scrolls
 j - a scroll of fog {unknown}
 p - a scroll of identify
 u - 2 scrolls of magic mapping {unknown}
Potions
 f - 2 potions of lignification
 k - a potion of attraction
 l - 2 potions of haste
 m - a potion of cancellation
 o - a potion of berserk rage {unknown}
 q - a potion of curing {unknown}


   Skills:
 + Level 3.6 Fighting
 * Level 6.0 Short Blades
 - Level 2.0 Throwing
 - Level 5.0 Dodging
 + Level 8.7 Stealth


You had 6 spell levels left.
You didn't know any spells.
Your spell library contained the following spells:

 Spells                   Type           Power      Damage    Failure   Level
 Dazzling Flash           Conj/Hex       0%         N/A       63%         3
 Agony                    Necr           0%         N/A       100%        5
 Silence                  Hex/Air        0%         N/A       100%        5


Dungeon Overview and Level Annotations

Branches:
Dungeon (5/15)
 Temple: D:4-7

Altars:

Shops:
D:5 (

Annotations:
D:5 Blork the orc


Innate Abilities, Weirdness & Mutations

You are very small and have problems with some larger weapons.
You are too small for most types of armour.
You have supernaturally acute eyesight. (SInv)
You cover ground extremely quickly. (Speed+++)


Message History

The ufetubus is severely wounded.
The ufetubus closely misses you.
The ufetubus hits you but does no damage. x2
The ufetubus completely misses you.
The orc priest looks satisfied for a moment.
You barely miss the ufetubus.
The ufetubus is severely wounded.
The ufetubus misses you. The ufetubus completely misses you.
The orc priest begins to cast a cantrip, but forgets the words!
You barely miss the ufetubus.
The ufetubus is severely wounded.
The ufetubus barely misses you. The ufetubus closely misses you.
The ufetubus completely misses you. The ufetubus barely misses you.
You hit the ufetubus.
You kill the ufetubus!
You swing at nothing.
You swing at nothing.
Blork the orc drinks a potion.
Blork the orc seems to grow stronger.
You closely miss the orc priest.
Blork the orc mumbles some strange words.
Blork the orc seems to speed up.
The orc priest barely misses you.
You closely miss the orc priest. Blork the orc misses you.
The orc priest mumbles some strange prayers to Beogh against you.
Beogh smites you! The orc priest barely misses you. Blork the orc misses you.
You barely miss the orc priest.
The orc priest mumbles some strange prayers to Beogh against you.
Beogh smites you! The orc priest barely misses you. Blork the orc misses you.
You barely miss the orc priest.
You punch the orc priest, but do no damage.
Blork the orc hits you from afar with a +0 trident.
* * * LOW HITPOINT WARNING * * *
The orc priest hits you with a +0 flail.
* * * LOW HITPOINT WARNING * * *
You hit the orc priest.
The orc priest is heavily wounded.
Blork the orc closely misses you.
The orc priest hits you with a +0 flail.
* * * LOW HITPOINT WARNING * * *
Blork the orc hits you from afar with a +0 trident!
You die...

......#.#.....#..#.#...##........
......#.#.....#........##........
......#.#......###.....##........
......#......^....#....##.......#
......####....#.#.#....###.......
..................#....+.........
......####.....#.......####+#...#
.............os##.#....# ....<#[#
.##...........oo@.#.#####.....#.#
.##.......#########.. #.......#
###.......# #. ...######
..#.......# ... # .....o....# ..
. ....o###### ...s.# .#$..#
.#..o#


You could see Blork the orc (fast, strong), a scorpion and 2 orc priests.

Vanquished Creatures
  A hornet (D:5)
  An ice beast (D:5)
  An ogre (D:4)
  A phantom (D:5)
  2 scorpions (D:5)
  A jelly (D:5)
  An orc priest (D:4)
  2 iguanas
  4 adders
  An ufetubus (D:5)
  A worm (D:2)
  A dart slug (D:1)
  10 orcs
  8 endoplasms
  5 giant cockroaches
  6 goblins
  6 hobgoblins
  4 jackals
  3 kobolds
  A quokka (D:3)
  6 ball pythons
  9 bats
  A frilled lizard (D:1)
  6 rats
82 creatures vanquished.

Notes
Turn   | Place    | Note
-------+----------+-------------------------------------------
     0 | D:1      | jasper the Spriggan Brigand began the quest for the Orb.
     0 | D:1      | Reached XP level 1. HP: 10/10 MP: 2/2
   167 | D:1      | Reached skill level 6 in Stealth
   279 | D:1      | Reached XP level 2. HP: 15/15 MP: 3/3
   551 | D:1      | Reached XP level 3. HP: 18/18 MP: 4/4
   756 | D:2      | Identified the +0 whip "Paaquf" {freeze, Int+3}
  1533 | D:3      | Reached XP level 4. HP: 23/23 MP: 5/5
  2150 | D:4      | Noticed an ogre
  2185 | D:4      | Killed an ogre
  2186 | D:4      | Reached XP level 5. HP: 27/27 MP: 6/6
  2340 | D:3      | Reached skill level 7 in Stealth
  2743 | D:4      | Reached skill level 5 in Dodging
  2914 | D:4      | Reached XP level 6. HP: 30/32 MP: 7/7
  2967 | D:5      | Entered Level 5 of the Dungeon
  2987 | D:5      | Found Vydyq's Antique Weapon Shoppe.
  3026 | D:5      | Bought a glowing rapier for 196 gold pieces
  3065 | D:5      | Noticed an ice beast
  3079 | D:5      | Noticed a hornet
  3081 | D:5      | Killed an ice beast
  3082 | D:5      | Reached skill level 5 in Short Blades
  3082 | D:5      | Reached skill level 8 in Stealth
  3082 | D:5      | Reached XP level 7. HP: 28/36 MP: 8/8
  3091 | D:5      | Killed a hornet
  3349 | D:5      | Noticed Blork the orc
  3382 | D:5      | Mangled by Blork the orc

Illustrated notes

Levels and vault maps discovered:
D:1:      tarquinn_simple_flora_water_a, layout_loops_cross
D:2:      layout_loops_ring
D:3:      layout_loops_ring, dk_vineyard_3
D:4:      minmay_general_purpose_star, layout_cave_pools, minmay_quantized
D:5:      layout_basic, serial_shops, shop, minmay_misc_feat_rows,
          uniq_blork_the_orc

Skill      XL: |  1  2  3  4  5  6  7 |
---------------+----------------------+-----
Dodging        | 2 3 4 5 |  5.0
Stealth        | 6 7 8 |  8.7
Fighting       | 2 3 |  3.6
Short Blades   | 3 5 6 |  6.0
Throwing       | |  2.0

Action                     |  1- 3 |  4- 6 |  7- 9 || total
---------------------------+-------+-------+-------++-------
  Melee: Dagger            |   113 |    99 |       ||   212
         Punch             |       |     2 |     1 ||     3
         Rapier            |       |    12 |    37 ||    49
  Throw: Dart              |     7 |    45 |     4 ||    56
    Use: Scroll            |     1 |     8 |       ||     9
   Stab: Sleeping          |    20 |     4 |       ||    24
         Invisible         |       |       |     1 ||     1
 Armour: Robe              |    18 |    14 |     6 ||    38
  Dodge: Dodged            |    63 |   101 |    40 ||   204
